 Dungeon Crawl Stone Soup version 0.31-a0-365-gcf821cafb2 (webtiles) character file.

Game seed: 14530123196594829403

4 spiderkeys the Insei (level 1, -3/12 HPs)
             Began as an Octopode Wanderer on July 27, 2023.
             Slain by a gnoll
             ... wielding a +0 spear
              (5 damage)
             ... on level 1 of the Dungeon.
             The game lasted 00:00:53 (119 turns).

spiderkeys the Insei (Octopode Wanderer)             Turns: 119, Time: 00:00:54

Health: -3/12      AC:  1    Str:  8    XL:     1   Next: 70%
Magic:  2/2        EV: 12    Int: 16    God:
Gold:   27         SH:  0    Dex: 12    Spells: 2/2 levels left

rFire   . .          .
                       - Unarmed
rCold   . . .        (no shield)
rNeg    . . .        (helmet restricted)
rPois   .            (no amulet)
rElec   .            (no ring)
rCorr   .            (no ring)
SInv    .            (no ring)
Will    .....        (no ring)
Stlth   ++           (no ring)
HPRegen 0.22/turn    (no ring)
MPRegen 0.08/turn    (no ring)
                     (no ring)

%: no passive effects
@: no status effects
A: almost no armour, amphibious, 8 rings, camouflage 1, gelatinous body 1,
(nimble swimmer 1), tentacles
a: no special abilities


You were on level 1 of the Dungeon.
You visited 1 branch of the dungeon, and saw 1 of its levels.

You collected 27 gold pieces.


Innate Abilities, Weirdness & Mutations

You cannot wear most types of armour.
You are amphibious.
You can wear up to eight rings at the same time.
Your skin changes colour to match your surroundings (Stealth+).
Your rubbery body absorbs attacks. (AC +1, EV +1)
((You are camouflaged when in or above water. (Stealth+)))
You have tentacles for arms and can constrict up to eight enemies at once.


   Skills:
 + Level 0.3 Fighting
 + Level 1.1 Dodging
 - Level 1.0 Shields
 + Level 5.0 Unarmed Combat
 + Level 1.1 Spellcasting
 - Level 1.0 Air Magic
 - Level 1.1 Evocations


You had 2 spell levels left.
You didn't know any spells.
Your spell library contained the following spells:

 Spells                   Type           Power      Damage    Failure   Level
 Static Discharge         Conj/Air       4%         2-3/arc   28%         2
 Cigotuvi's Dreadful Rot  Necr/Pois/Air  4%         N/A       30%         2

Inventory:

Hand Weapons
 a - a +0 dagger
Missiles
 f - 8 stones
Armour
 c - a +0 buckler
Scrolls
 d - a scroll of butterflies
Potions
 b - a potion of haste {@q3}
 e - a potion of invisibility

Dungeon Overview and Level Annotations

Branches:
Dungeon (1/15) Zot: 5881

Altars:

#...####.#.#.#.#.##.###...
#........#.....#..........
#....###########..........
+....###### ####.###...
#........†# #.# ..
.............# #.# .
#.##.........# #+# #
###.......+ #......@#
#.....Sg# #.......#
#.......# #.......#
#....^..# #########


You could see a gnoll and a ball python.


Message History

Options error: Missing colour in message_colour setting: 'that.*feels deathly cold' Options error: Missing colour in message_colour setting: 'and you must be Full or above to equip it' Options error: Missing colour in message_colour setting: 'but rights himself reflexively soon after' Options error: Missing colour in message_colour setting: 'before it is too late' Welcome, spiderkeys the Octopode Wanderer.
Everyone else who sought the Orb of Zot has failed.
Will you be different?
Press ? for a list of commands and other information.
Found a staircase leading out of the dungeon.
You begin with the following items: a +0 dagger, a potion of haste {@q3}, a +0 buckler, a scroll of butterflies, a potion of invisibility; and the following spells available to memorise: Static Discharge, Cigotuvi's Dreadful Rot.
You start removing your armour.
You continue taking off your +0 buckler. x4
You finish taking off your +0 buckler.
Unknown command.
You open the door.
There is an open door here.
f - 8 stones A kobold comes into view.
It is wielding a +2 dagger of holy wrath.
Found a stone staircase leading down.
Okay, then.
Okay, then.
You are now empty-tentacled.
The kobold shouts!
You tentacle-slap the kobold. Your grab misses the kobold.
Your squeeze misses the kobold.
The kobold hits you with a +2 dagger of holy wrath. 😮 HP[-4]
You take 4 damage, and now have 7/11 hp.
MASSIVE DAMAGE!! (PAUSE)
You barely miss the kobold. Your grab misses the kobold.
The kobold barely misses you.
You tentacle-slap the kobold.
You kill the kobold! 😮 HP[+1]
Things that are here:
a +2 dagger of holy wrath; a kobold corpse You now have 11 gold pieces.
You now have 27 gold pieces (gained 16).
Key pressed, stopping explore.
A kobold comes into view. It is wielding a +0 club. 😎 HP[+3]
Your hp is fully restored (11).
A kobold is nearby!
The kobold shouts!
The kobold hits you with a +0 club. 😮 HP[-3]
You take 3 damage, and now have 8/11 hp.
MASSIVE DAMAGE!! (PAUSE)
You are too injured to fight recklessly!
You are too injured to fight recklessly!
You are too injured to fight recklessly!
Unknown command.
You tentacle-slap the kobold.
You kill the kobold! 😕 HP[+1]
You see here a +0 club.
Key pressed, stopping explore.
A dart slug comes into view. 😎 HP[+2]
Your hp is fully restored (11).
A dart slug is nearby!
The helpless dart slug fails to defend itself.
You tentacle-slap the dart slug. Your grab misses the dart slug.
The dart slug completely misses you.
You tentacle-slap the dart slug.
You kill the dart slug! 😎 HP[+1]
You now have 12 max hp (+1).
Your hp is fully restored (12).
No target in view!
A gnoll comes into view. It is wielding a +0 spear.
A gnoll is nearby!
A gnoll is nearby!
A ball python comes into view.
The ball python hisses angrily.
The gnoll hits you with a +0 spear. 😮 HP[-3]
You take 3 damage, and now have 9/12 hp.
MASSIVE DAMAGE!! (PAUSE)
You closely miss the gnoll. Your grab misses the gnoll.
The gnoll hits you with a +0 spear!
Ouch! That really hurt!
* * * LOW HITPOINT WARNING * * *
😱 HP[-7]
You take 7 damage, and now have 2/12 hp.
MASSIVE DAMAGE!! (PAUSE)
You tentacle-slap the gnoll. Your grab misses the gnoll.
The gnoll hits you with a +0 spear.
You die...

Action                     || total
---------------------------++-------
  Melee: Unarmed           ||     8
   Stab: Sleeping          ||     1
  Dodge: Dodged            ||     2

Levels and vault maps discovered:
D:1:      wander_arrival_chamber, layout_basic

Notes
Turn   | Place    | Note
-------+----------+-------------------------------------------
     0 | D:1      | spiderkeys the Octopode Wanderer began the quest for the
                  | Orb.
     0 | D:1      | spiderkeys set off with the following items: a +0 dagger, a
                  | potion of haste {@q3}, a +0 buckler, a scroll of
                  | butterflies, a potion of invisibility; and the following
                  | spells available to memorise: Static Discharge, Cigotuvi's
                  | Dreadful Rot.
     0 | D:1      | Reached XP level 1. HP: 11/11 MP: 2/2
     0 | D:1      | magus.rc [v1.11.6]
   118 | D:1      | HP: 2/12 [gnoll/+0 spear (7)]
   119 | D:1      | Slain by a gnoll

Vanquished Creatures
  A dart slug (D:1)
  2 kobolds (D:1)
3 creatures vanquished.

Table legend:
 A = Non-vault XP
 B = Vault XP
 C = Vault XP percentage of total XP
 D = Non-vault monster count
 E = Vault monster count
 F = Vault count percentage of total count
                 A         B        C        D         E       F
            +---------+---------+-------+---------+---------+-------
      Total |       7 |       0 |   0.0 |       3 |       0 |   0.0
            +---------+---------+-------+---------+---------+-------
        D:1 |       7 |       0 |   0.0 |       3 |       0 |   0.0
            +---------+---------+-------+---------+---------+-------

Action                     || total
---------------------------++-------
  Melee: Unarmed           ||     8
   Stab: Sleeping          ||     1
  Dodge: Dodged            ||     2

Illustrated notes

Table legend:
 A = Kills in this place as a percentage of kills in the entire game.
 B = Kills by you in this place as a percentage of kills by you in the entire game.
 C = Kills by friends in this place as a percentage of kills by friends in the entire game.
 D = Other kills in this place as a percentage of other kills in the entire game.
 E = Experience gained in this place as a percentage of experience gained in the entire game.
 F = Experience gained in this place divided by the number of levels of this place that you have seen.
                   A       B       C       D       E      F
               +-------+-------+-------+-------+-------+----------------------
         Total | 100.0 | 100.0 |   N/A |   N/A | 100.0 |   7.0
       Dungeon | 100.0 | 100.0 |   N/A |   N/A | 100.0 |   7.0
               +-------+-------+-------+-------+-------+----------------------

Table legend: (Time is in decaauts)
 A = Elapsed time spent in this place.
 B = Non-inter-level travel time spent in this place.
 C = Inter-level travel time spent in this place.
 D = Time resting spent in this place.
 E = Time spent auto-exploring this place.
 F = Levels seen in this place.
 G = Mean time per level.
                   A        B        C        D        E       F      G
               +--------+--------+--------+--------+--------+-----+--------+
         Total |    117 |    117 |      0 |      0 |     86 |   1 |  117.0 |
       Dungeon |    117 |    117 |      0 |      0 |     86 |   1 |  117.0 |
               +--------+--------+--------+--------+--------+-----+--------+

Top non-repeatable levels by time:
     D:1: 117 daAuts
